 Dungeon Crawl Stone Soup version 0.25-a0-1024-gbfbf38f2cb (webtiles) character file.

Game seed: 3066120115541735910, levelgen mode: classic

1757 Amnesiac the Slicer (level 8, 0/49 HPs)
             Began as a Deep Elf Fighter on May 12, 2020.
             Killed by divine providence
             ... invoked by an orc priest
              (11 damage)
             ... on level 6 of the Dungeon.
             The game lasted 00:12:36 (5163 turns).

Amnesiac the Slicer (Deep Elf Fighter)              Turns: 5163, Time: 00:12:37

Health: 0/49       AC: 12    Str: 15    XL:     8   Next: 79%
Magic:  12/12      EV:  5    Int: 14    God:
Gold:   272        SH:  9    Dex: 14    Spells: 7/7 levels left

rFire    . . .     SeeInvis .   a - +2 dagger (venom)
rCold    + . .     Gourm    .   c - +0 kite shield
rNeg     . . .     Faith    .   i - +2 chain mail {rC+}
rPois    .         Spirit   .   n - +0 helmet
rElec    .         Reflect  .   j - scarf {cloud immunity}
rCorr    .         Harm     .   (no gloves)
MR       .....                  (no boots)
Stlth    ..........             (no amulet)
HPRegen  0.16/turn              q - ring of wizardry
MPRegen  0.13/turn              (no ring)

@: no status effects
A: no striking features
a: no special abilities


You were on level 6 of the Dungeon.
You were not hungry.

You visited 1 branch of the dungeon, and saw 6 of its levels.

You collected 272 gold pieces.

Inventory:

Hand Weapons
 a - a +2 dagger of venom (weapon)
 b - a +0 rapier
 x - a +3 dagger
 F - a +0 shortbow
Missiles
 v - 83 arrows
Armour
 c - a +0 kite shield (worn)
 i - a +2 chain mail of cold resistance (worn)
 j - a scarf of cloud immunity (worn)
 n - a +0 helmet (worn)
Jewellery
 q - a ring of wizardry (left hand)
Wands
 p - a wand of iceblast (4)
 E - a wand of polymorph (9)
Scrolls
 e - a scroll of fog {!r, unknown}
 g - 2 scrolls of magic mapping {!r}
 h - 2 scrolls of remove curse {!r, unknown}
 s - 2 scrolls of teleportation {!r}
 w - a scroll of enchant weapon {!r, unknown}
 y - a scroll of immolation {!r, unknown}
 C - 3 scrolls of blinking {!r, unknown}
 G - a scroll of noise {!r, unknown}
Potions
 d - 4 potions of might {!q}
 k - 3 potions of brilliance {!q}
 l - a potion of lignification {!q, unknown}
 m - 4 potions of heal wounds {!q}
 o - 4 potions of mutation {!q}
 r - a potion of magic {!q, unknown}
 t - a potion of haste {!q, unknown}
 u - a potion of ambrosia {!q, unknown}
 z - a potion of curing {!q}
 A - a potion of berserk rage {!q, unknown}
 D - a potion of flight {!q, unknown}
Comestibles
 f - 10 rations
 B - 3 chunks of flesh


   Skills:
 - Level 5.0 Fighting
 - Level 8.0 Short Blades
 + Level 4.1 Bows
 - Level 3.0 Armour
 - Level 3.0 Dodging
 - Level 3.0 Shields
 - Level 3.0 Evocations


You had 7 spell levels left.
You didn't know any spells.
Your spell library was empty.

Dungeon Overview and Level Annotations

Branches:
Dungeon (6/15)
 Temple: D:4-7

Altars:
Sif Muna

Shops:
D:5 [


Message History

No target in view!
Things that are here:
a +0 whip; an orc corpse You butcher the orc corpse.
B - a chunk of flesh
Things that are here:
a +0 whip; an orc skeleton
Things that are here:
a +0 whip; an orc skeleton HP restored.
Found a stone staircase leading down and a stone staircase leading up.
There is a stone staircase leading down here.
There is a stone staircase leading up here.
A quokka comes into view.
A quokka is nearby!
A quokka is nearby!
A quokka is nearby!
The quokka bites you but does no damage. x2
You hit the quokka.
The quokka is poisoned.
The quokka is severely wounded.
Your shield and chain mail prevent you from hitting the quokka.
The quokka is almost dead.
The quokka bites you.
You closely miss the quokka.
The quokka is almost dead.
The quokka bites you but does no damage.
You hit the quokka.
You kill the quokka!
No target in view!
No target in view!
You butcher the quokka corpse.
B - 3 chunks of flesh (gained 2)
You see here a quokka skeleton. x2
An orc warrior comes into view.
It is wielding a +0 trident and wearing a +1 plate armour of cold resistance.
The orc warrior shouts!
An orc warrior is nearby!
An orc warrior is nearby!
An orc warrior is nearby!
You start waiting.
The orc warrior is too close now for your liking.
You hit the orc warrior.
The orc warrior is poisoned.
The orc warrior is lightly wounded.
The orc warrior hits you with a +0 trident!
You hit the orc warrior but do no damage.
The orc warrior looks as sick as possible!
The orc warrior is lightly wounded.
You closely miss the orc warrior.
The orc warrior is lightly wounded.
The orc warrior hits you with a +0 trident!
You hit the orc warrior but do no damage.
The orc warrior is lightly wounded.
You hit the orc warrior but do no damage.
The orc warrior looks as sick as possible!
The orc warrior is lightly wounded.
The orc warrior hits you with a +0 trident!
* * * LOW HITPOINT WARNING * * *
The orc warrior hits you from afar with a +0 trident.
* * * LOW HITPOINT WARNING * * *
2 orcs come into view.
The orc shouts! x2
An orc priest comes into view. It is wielding a +0 hand axe.
The orc priest mumbles some strange prayers to Beogh against you.
Beogh smites you!
You die...

#.......####.#
#.#.###.#....###
#########..<..#.#.#....#
........o...>.#.#.#..#.#
#......#.....#.#.#....#
#.####.#.o............#
#.#..............#
##.####....#......#
..o....@.......#).#
..o####........#.#######
...# #.########.)......
...# #.#..<.....######.
....# ...#....###.#
..#....###.#
..#......#.# ..
##.#....#.#.# ..
#.#....#.#.#


You could see an orc warrior (extremely poisoned), an orc priest and 2 orcs.

Vanquished Creatures
  Grinder (D:3)
  Sigmund (D:5)
  A wyvern (D:6)
  Menkaure (D:6)
  An ogre (D:5)
  A phantom (D:4)
  A centaur (D:5)
  A scorpion (D:5)
  A water moccasin skeleton (D:6)
  A jelly (D:5)
  2 orc priests (D:4)
  A centaur skeleton (D:4)
  A hound (D:2)
  A bullfrog skeleton (D:4)
  2 iguanas
  Ijyb (D:3)
  Natasha (thrice) (D:2)
  3 orc wizards
  3 worker ants
  13 adders
  4 gnolls (D:5)
  2 shadow imps (D:5)
  An ooze (D:2)
  3 worms (D:3)
  3 dart slugs
  5 leopard geckos
  13 orcs
  A ball python (D:1)
  4 giant cockroaches
  5 goblins
  12 hobgoblins
  14 jackals
  5 quokkas
  9 bats
  4 frilled lizards
  16 kobolds
  9 rats
150 creatures vanquished.

Notes
Turn   | Place    | Note
-------+----------+-------------------------------------------
     0 | D:1      | Amnesiac the Deep Elf Fighter began the quest for the Orb.
     0 | D:1      | Reached XP level 1. HP: 13/13 MP: 3/3
   105 | D:1      | Reached XP level 2. HP: 14/18 MP: 4/4
   333 | D:1      | Reached XP level 3. HP: 18/23 MP: 5/5
  1088 | D:2      | Reached XP level 4. HP: 17/28 MP: 6/6
  1423 | D:2      | Reached skill level 3 in Short Blades
  1439 | D:2      | Noticed Natasha
  1460 | D:2      | Killed Natasha
  1618 | D:2      | Reached XP level 5. HP: 32/33 MP: 7/7
  1720 | D:2      | Reached skill level 1 in Evocations
  1934 | D:2      | Noticed Natasha
  1942 | D:2      | Killed Natasha
  1958 | D:2      | Noticed Natasha
  1967 | D:2      | Killed Natasha
  2557 | D:3      | Reached XP level 6. HP: 33/38 MP: 10/10
  2728 | D:3      | Noticed Ijyb
  2758 | D:3      | Killed Ijyb
  2758 | D:3      | Reached skill level 4 in Short Blades
  2796 | D:3      | Noticed Grinder
  2808 | D:3      | Paralysed by Grinder for 5 turns
  2814 | D:3      | Killed Grinder
  2814 | D:3      | Reached skill level 5 in Short Blades
  2908 | D:4      | Reached XP level 7. HP: 33/43 MP: 11/11
  3106 | D:4      | Reached skill level 6 in Short Blades
  3664 | D:5      | Entered Level 5 of the Dungeon
  4194 | D:5      | Found Aleceneuh's Armour Shoppe.
  4203 | D:5      | Reached skill level 5 in Fighting
  4203 | D:5      | Reached skill level 7 in Short Blades
  4203 | D:5      | Reached XP level 8. HP: 46/49 MP: 12/12
  4424 | D:5      | Found a shimmering blue altar of Sif Muna.
  4524 | D:5      | Noticed Sigmund
  4549 | D:5      | Killed Sigmund
  4549 | D:5      | Reached skill level 8 in Short Blades
  4773 | D:6      | Noticed Menkaure
  4792 | D:6      | Killed Menkaure
  4792 | D:6      | Reached skill level 1 in Bows
  5163 | D:6      | Killed from afar by an orc priest

Illustrated notes

Levels and vault maps discovered:
D:1:      shiori_arrival_oz, layout_rooms, fountainhead
D:2:      layout_loops_ring, first_ration, minmay_divided_ellipse, uniq_natasha
D:3:      layout_loops_corners, chequers_garden, uniq_ijyb, uniq_grinder
D:4:      layout_rooms
D:5:      layout_basic, tgw_sif, serial_shops, kennysheep_mini, uniq_sigmund
D:6:      layout_basic, uniq_menkaure

Skill      XL: |  1  2  3  4  5  6  7  8 |
---------------+-------------------------+-----
Fighting       | 3 4 5 |  5.0
Short Blades   | 3 5 7 8 |  8.0
Evocations     | 3 |  3.0
Shields        | 3 |  3.0
Dodging        | 3 |  3.0
Armour         | 3 |  3.0
Bows           | 4 |  4.1

Action                   |  1- 3 |  4- 6 |  7- 9 || total
-------------------------+-------+-------+-------++-------
Melee: Rapier            |   164 |    63 |       ||   227
       Dagger            |       |   142 |   256 ||   398
Evoke: Wand              |       |     2 |    13 ||    15
  Use: Potion            |     1 |       |     3 ||     4
       Scroll            |       |     3 |     2 ||     5
  Eat: Chunk             |     1 |     6 |     7 ||    14
Armor: Scale mail        |    78 |    71 |       ||   149
       Chain mail        |       |    10 |   105 ||   115
Dodge: Dodged            |    39 |    35 |    27 ||   101
Block: Kite shield       |    65 |    54 |    68 ||   187

Table legend:
 A = Non-vault XP
 B = Vault XP
 C = Vault XP percentage of total XP
 D = Non-vault monster count
 E = Vault monster count
 F = Vault count percentage of total count
                 A         B        C        D         E       F
            +---------+---------+-------+---------+---------+-------
      Total |    1680 |     831 |  33.1 |     130 |      20 |  13.3
            +---------+---------+-------+---------+---------+-------
        D:1 |      45 |       4 |   8.2 |      24 |       2 |   7.7
        D:2 |     118 |     125 |  51.4 |      23 |      14 |  37.8
        D:3 |      98 |     303 |  75.6 |      30 |       2 |   6.2
        D:4 |     500 |       0 |   0.0 |      21 |       0 |   0.0
        D:5 |     561 |     227 |  28.8 |      25 |       1 |   3.8
        D:6 |     358 |     172 |  32.5 |       7 |       1 |  12.5
            +---------+---------+-------+---------+---------+-------
